 Dungeon Crawl Stone Soup version 0.30-a0-591-g3c58d2bc28 (webtiles) character file.

Game seed: 605963112737812484

784 retardedninja the Trooper (level 7, -9/42 (63) HPs)
             Began as a Hill Orc Fighter on Jan 4, 2023.
             Mangled by Duvessa
             ... wielding a +2 short sword of draining
              (15 damage)
             ... on level 4 of the Dungeon.
             The game lasted 00:05:19 (3585 turns).

retardedninja the Trooper (Hill Orc Fighter)        Turns: 3585, Time: 00:05:20

HP:   -9/42 (63)    AC: 11    Str: 21    XL:     7   Next: 86%
MP:   7/7           EV:  9    Int:  8    God:
Gold: 229           SH:  5    Dex: 10    Spells: 6/6 levels left

rFire   . . .      SeeInvis +    a - +2 war axe
rCold   . . .      Faith    .    c - +0 buckler
rNeg    . . .      Spirit   .    b - +0 scale mail
rPois   .          Reflect  .    k - +0 helmet {SInv}
rElec   .          Harm     .    q - +1 cloak {Stlth+}
rCorr   .          Rampage  .    (no gloves)
Will    .....                    (no boots)
Stlth   +                        (no amulet)
HPRegen 0.27/turn                (no ring)
MPRegen 0.10/turn                (no ring)

@: very heavily drained
A: no striking features
a: no special abilities


You were on level 4 of the Dungeon.
You visited 1 branch of the dungeon, and saw 4 of its levels.

You collected 229 gold pieces.

Inventory:

Hand Weapons
 a - a +2 war axe (weapon)
Armour
 b - a +0 scale mail (worn)
 c - a +0 buckler (worn)
 k - a +0 helmet of see invisible (worn)
 q - a +1 cloak of stealth (worn)
Scrolls
 e - a scroll of identify
 f - a scroll of torment {unknown}
 g - a scroll of teleportation
 h - a scroll of blinking {unknown}
 l - a scroll of silence {unknown}
 n - a scroll of vulnerability {unknown}
 s - a scroll of fog {unknown}
 u - a scroll of butterflies {unknown}
Potions
 d - a potion of might
 i - a potion of flight
 j - a potion of cancellation
 m - a potion of heal wounds
 p - a potion of brilliance
 r - 2 potions of attraction
 v - 3 potions of lignification
 w - a potion of mutation


   Skills:
 + Level 6.2 Fighting
 + Level 6.1 Axes
 + Level 5.6 Armour
 + Level 5.7 Shields


You had 6 spell levels left.
You didn't know any spells.
Your spell library contained the following spells:

 Spells                   Type           Power      Damage    Failure   Level
 Necrotise                Necr           0%         1d4       80%         1
 Summon Guardian Golem    Hex/Summ       0%         N/A       99%         3
 Vampiric Draining        Necr           0%         2d6       99%         3
 Agony                    Necr           0%         N/A       100%        5
 Malign Gateway           Summ/Tloc      0%         N/A       100%        7
 Orb of Destruction       Conj           0%         9d5       100%        7
 Spellforged Servitor     Conj/Summ      0%         N/A       100%        7
 Summon Horrible Things   Summ           0%         N/A       100%        8


Dungeon Overview and Level Annotations

Branches:
Dungeon (4/15)
 Temple: D:4-7

Altars:

Shops:
D:3 (

Annotations:
D:4 Duvessa


Message History

You are too injured to fight recklessly!
You are too injured to fight recklessly!
You completely miss Duvessa.
Duvessa is moderately wounded.
Duvessa hits you but does no damage.
You feel drained.
You slash Duvessa!
Duvessa is heavily wounded.
Duvessa hits you with a +2 short sword of draining!
You feel drained. You block Duvessa's attack.
You hit Duvessa.
Duvessa is severely wounded.
Duvessa hits you but does no damage.
You feel drained.
Duvessa hits you with a +2 short sword of draining.
You feel drained.
You hit Duvessa but do no damage.
Duvessa is severely wounded.
Duvessa hits you with a +2 short sword of draining.
* * * LOW HITPOINT WARNING * * *
You feel drained.
* * * LOW HITPOINT WARNING * * *
Duvessa misses you.
You slash Duvessa!
Duvessa is almost dead.
Duvessa hits you but does no damage.
You feel drained.
Duvessa hits you with a +2 short sword of draining.
* * * LOW HITPOINT WARNING * * *
You feel drained.
* * * LOW HITPOINT WARNING * * *
You feel better.
Duvessa hits you with a +2 short sword of draining!
* * * LOW HITPOINT WARNING * * *
You feel drained.
* * * LOW HITPOINT WARNING * * *
It was a potion of heal wounds.
You feel much better.
Duvessa hits you with a +2 short sword of draining!
* * * LOW HITPOINT WARNING * * *
You feel drained.
* * * LOW HITPOINT WARNING * * *
Duvessa hits you with a +2 short sword of draining!
You die...

### ### #.# #.. ...
#.###.##########!# #.#
.............# # #.#.#.#
#....###)#.#
#.#.#.###......e@..#
#.#.....)..........#
#.###........#######.#
..<............<.....# #
#.####....(.....#######.#
#.......................#
#########.#...........###
...#.###....##.#
###.#.##..†...#.#


You could see Duvessa (berserk).

Vanquished Creatures
  Grinder (D:3)
  Sigmund (D:2)
  2 ogres
  Dowan (D:4)
  Crazy Yiuf (D:2)
  An iguana (D:4)
  Robin (D:2)
  6 adders
  6 worms
  2 dart slugs (D:3)
  3 orcs (D:4)
  2 bats
  5 endoplasms
  3 giant cockroaches
  17 goblins
  11 hobgoblins
  4 jackals (D:3)
  7 kobolds
  4 quokkas
  9 ball pythons
  6 frilled lizards
  8 rats
101 creatures vanquished.

Notes
Turn   | Place    | Note
-------+----------+-------------------------------------------
     0 | D:1      | retardedninja the Hill Orc Fighter began the quest for the
                  | Orb.
     0 | D:1      | Reached XP level 1. HP: 19/19 MP: 1/1
   387 | D:1      | Reached XP level 2. HP: 25/27 MP: 2/2
  1168 | D:2      | Found a faded altar of an unknown god.
  1169 | D:2      | Noticed Robin
  1175 | D:2      | Reached XP level 3. HP: 15/33 MP: 3/3
  1614 | D:2      | Killed Robin
  1615 | D:2      | Reached XP level 4. HP: 25/40 MP: 4/4
  1744 | D:2      | Noticed Sigmund
  1750 | D:2      | Killed Sigmund
  1751 | D:2      | Reached XP level 5. HP: 46/47 MP: 5/5
  1875 | D:2      | Reached XP level 6. HP: 51/55 MP: 6/6
  1925 | D:2      | Reached skill level 5 in Fighting
  2199 | D:2      | Found a runed translucent door.
  2200 | D:2      | Noticed Crazy Yiuf
  2452 | D:2      | Killed Crazy Yiuf
  2590 | D:3      | Reached skill level 5 in Axes
  2693 | D:3      | Reached skill level 5 in Armour
  2693 | D:3      | Reached skill level 5 in Shields
  2988 | D:3      | Found Ohelin's Weapon Shoppe.
  2990 | D:3      | Reached XP level 7. HP: 55/58 MP: 7/7
  3040 | D:3      | Noticed Grinder
  3060 | D:3      | Killed Grinder
  3570 | D:4      | Noticed Dowan
  3571 | D:4      | Noticed Duvessa
  3576 | D:4      | Killed Dowan
  3583 | D:4      | HP: 2/46 [Duvessa/+2 short sword of draining (1)]
  3585 | D:4      | Mangled by Duvessa

Illustrated notes

Levels and vault maps discovered:
D:1:      dpeg_arrival_arbitrary_c, layout_basic, grunt_decor_fettered,
          minmay_misc_feat_rugged
D:2:      minmay_recursive_quarters, layout_basic,
          ebering_ecumenical_altar_rust, uniq_sigmund, uniq_robin,
          uniq_crazy_yiuf_cottage
D:3:      layout_rooms, serial_shops, nicolae_shop_bloodbath_and_beyond,
          minmay_starry_boxes, uniq_grinder
D:4:      layout_basic, minmay_temple_entry_nine_rooms,
          hangedman_minor_gate_pass, uniq_duvessa, uniq_natasha

Skill      XL: |  1  2  3  4  5  6  7 |
---------------+----------------------+-----
Axes           | 3 4 5 6 |  6.1
Fighting       | 4 5 6 |  6.2
Armour         | 4 5 |  5.6
Shields        | 4 5 |  5.7

Action                   |  1- 3 |  4- 6 |  7- 9 || total
-------------------------+-------+-------+-------++-------
Melee: War axe           |    72 |   128 |    54 ||   254
  Use: Potion            |     1 |       |     2 ||     3
       Scroll            |       |       |    11 ||    11
Armor: Scale mail        |    51 |    54 |    23 ||   128
Dodge: Dodged            |    47 |    61 |    18 ||   126
Block: Buckler           |    26 |    30 |    11 ||    67

Table legend: (Time is in decaauts)
 A = Elapsed time spent in this place.
 B = Non-inter-level travel time spent in this place.
 C = Inter-level travel time spent in this place.
 D = Time resting spent in this place.
 E = Time spent auto-exploring this place.
 F = Levels seen in this place.
 G = Mean time per level.
                   A        B        C        D        E       F      G
               +--------+--------+--------+--------+--------+-----+--------+
         Total |   3668 |   3564 |    104 |    587 |   2352 |   4 |  917.0 |
       Dungeon |   3668 |   3564 |    104 |    587 |   2352 |   4 |  917.0 |
               +--------+--------+--------+--------+--------+-----+--------+

Top non-repeatable levels by time:
     D:1: 1586 daAuts
     D:2: 1008 daAuts
     D:3: 898 daAuts
     D:4: 175 daAuts
